 Dungeon Crawl Stone Soup version 0.30-a0-371-gad7725a93e (webtiles) character file.

Game seed: 2923416344332598438

199 Drevant2 the Firebug (level 5, -5/38 HPs)
             Began as a Draconian Fire Elementalist on Nov 21, 2022.
             Slain by a fire bat (8 damage)
             ... on level 4 of the Dungeon.
             The game lasted 00:09:22 (3914 turns).

Drevant2 the Firebug (Draconian Fire Elementalist)  Turns: 3914, Time: 00:09:22

Health: -5/38      AC:  7    Str: 10    XL:     5   Next: 48%
Magic:  8/8        EV: 12    Int: 22    God:
Gold:   58         SH:  0    Dex:  9    Spells: 4/8 levels left

rFire   . . .      SeeInvis .    f - staff of conjuration
rCold   . . .      Faith    .    (no shield)
rNeg    . . .      Spirit   .    (body armour unavailable)
rPois   +          Reflect  .    (helmet restricted)
rElec   .          Harm     .    (no cloak)
rCorr   +          Rampage  .    n - +1 pair of gloves of Vorgh {rPois Int+4 Dex-2}
Will    .....                    (no boots)
Stlth   ++........               (no amulet)
HPRegen 0.26/turn                k - ring of resist corrosion
MPRegen 0.11/turn                (no ring)

@: no status effects
A: AC +5, unfitting armour, cold-blooded
a: no special abilities


You were on level 4 of the Dungeon.
You visited 1 branch of the dungeon, and saw 4 of its levels.

You collected 113 gold pieces.
You spent 55 gold pieces at shops.

Inventory:

Armour
 n - the +1 pair of gloves of Vorgh (worn) {rPois Int+4 Dex-2}
   (You found it on level 2 of the Dungeon)

   Int:       It affects your intelligence (+4).
   Dex:       It affects your dexterity (-2).
   rPois:     It protects you from poison.
Magical Staves
 f - a staff of conjuration (weapon)
Jewellery
 k - a ring of resist corrosion (left hand)
 s - a ring of resist corrosion
Scrolls
 b - a scroll of blinking {unknown}
 c - 7 scrolls of identify {unknown}
 e - a scroll of summoning
 h - a scroll of amnesia {unknown}
 j - 2 scrolls of vulnerability {unknown}
 l - a scroll of enchant armour {unknown}
 o - a scroll of immolation {unknown}
 t - a scroll of brand weapon {unknown}
Potions
 a - a potion of magic
 d - a potion of mutation {unknown}
 g - a potion of cancellation {unknown}
 i - 3 potions of lignification {unknown}
 m - a potion of flight {unknown}
 p - a potion of ambrosia {unknown}
 q - a potion of brilliance {unknown}
 r - a potion of heal wounds
 u - a potion of resistance


   Skills:
 - Level 1.7 Dodging
 - Level 1.7 Stealth
 - Level 2.0 Spellcasting
 * Level 3.6 Conjurations
 - Level 5.0 Fire Magic


You had 4 spell levels left.
You knew the following spells:

 Your Spells              Type           Power      Damage    Failure   Level
a - Foxfire               Conj/Fire      100%       2x1d9     2%          1
b - Kindle Blastsparks    Fire/Tloc/Air  18%        2d11      21%         3

Your spell library contained the following spells:

 Spells                   Type           Power      Damage    Failure   Level
 Scorch                   Fire           48%        2d7       2%          2
 Inner Flame              Hex/Fire       13%        N/A       14%         3
 Flame Wave               Conj/Fire      32%        2d9       22%         4


Dungeon Overview and Level Annotations

Branches:
Dungeon (4/15)
 Temple: D:4-7

Altars:

Shops:
D:3 *

Annotations:
D:2 Sigmund
D:4 1 transporter


Innate Abilities, Weirdness & Mutations

Your plain brown scales are hard. (AC +5)
You cannot fit into any form of body armour.
You are cold-blooded and may be slowed by cold attacks.


Message History

Found 14 gold pieces and 5 stones.
Found a stone staircase leading down.
There is a stone staircase leading up here.
The jackal barks! x2
Casting: Foxfire (safe; 2% risk of failure)
Confirm with . or Enter, or press ? or * to list all spells.
You feel a surge of power!
You conjure some foxfire!
The foxfire hits the jackal!
You kill the jackal!
The foxfire hits the jackal.
The jackal is almost dead.
Casting: Foxfire (safe; 2% risk of failure)
Confirm with . or Enter, or press ? or * to list all spells.
You feel a surge of power!
You conjure some foxfire!
The foxfire hits the jackal.
You kill the jackal!
Your foxfire dissipates!
You now have 58 gold pieces (gained 14).
Found a transporter.
Magic restored.
You see here 5 stones.
Found a potion of resistance.
There is a transporter here.
There is a transporter here.
You enter the transporter and appear at another place.
u - a potion of resistance
There is a transporter landing site here.
You open the gate.
A fire bat comes into view.
Found a metallic sapphire potion, 44 gold pieces and a sapphire potion.
Found a transporter.
There is an open gate here.
You are engulfed in blazing flames.
The fire bat bites you but does no damage.
You are engulfed in blazing flames.
Ouch! That really hurt!
* * * LOW HITPOINT WARNING * * *
The fire bat bites you.
* * * LOW HITPOINT WARNING * * *
You are engulfed in flames!
You die...

#######
#°°.○°#############
####○☼○○○#○°°○°○##...
...#°○○°☼#☼○☼.○.#..#
...#!$.☼°°.#.#°○#..##
..©#©!.○○○...©☼○#©..#
#..#$$.@☼○.#.#..#...#
####°°○b☼#○☼○○○.##..#
##○○°°○#.○°°°.##.##
#○○☼☼.#########.#
####### #.# #.# #.#
#.# #.###.#####
#(........#
#..<......#


You could see a fire bat.

Vanquished Creatures
  9 adders
  4 gnolls (D:3)
  A worm (D:2)
  4 dart slugs
  2 orcs (D:3)
  9 ball pythons
  3 endoplasms
  A giant cockroach (D:3)
  6 goblins
  3 hobgoblins
  5 jackals
  A quokka (D:2)
  8 bats
  2 frilled lizards (D:2)
  5 kobolds
  6 rats
69 creatures vanquished.

Vanquished Creatures (others)
  128 foxfires
  A fungus (D:4)
129 creatures vanquished.

Grand Total: 198 creatures vanquished

Notes
Turn   | Place    | Note
-------+----------+-------------------------------------------
     0 | D:1      | Drevant2 the Draconian Fire Elementalist began the quest
                  | for the Orb.
     0 | D:1      | Reached XP level 1. HP: 14/14 MP: 3/3
   235 | D:1      | Found a faded altar of an unknown god.
   376 | D:1      | Reached XP level 2. HP: 20/20 MP: 3/5
  1260 | D:2      | Noticed Sigmund
  1400 | D:2      | Reached skill level 4 in Fire Magic
  1496 | D:2      | Identified the +1 pair of gloves of Vorgh {rPois Int+4
                  | Dex-2}
  1503 | D:2      | Reached XP level 3. HP: 26/26 MP: 1/6
  2152 | D:2      | Reached XP level 4. HP: 26/33 MP: 1/7
  2223 | D:2      | Reached skill level 5 in Fire Magic
  2320 | D:3      | Learned a level 3 spell: Kindle Blastsparks
  2885 | D:3      | Reached XP level 5. HP: 38/38 MP: 6/8
  3222 | D:3      | Found Suddien's General Store.
  3230 | D:3      | Bought a potion of heal wounds for 55 gold pieces
  3879 | D:4      | Found a transporter.
  3911 | D:4      | Found a transporter.
  3911 | D:4      | Noticed a fire bat
  3914 | D:4      | Slain by a fire bat

Illustrated notes

Levels and vault maps discovered:
D:1:      tarquinn_simple_flora_water_d, layout_basic,
          ebering_ecumenical_altar_webs, minmay_misc_feat_pillars
D:2:      minmay_diamond_boxcup, layout_loops_ring, minivault_23,
          corexii_leaking_fountain, uniq_sigmund
D:3:      minmay_wonky_spiral, layout_loops_corners, serial_shops, shop
D:4:      gammafunk_cloud_chamber, layout_loops_ring,
          grunt_temple_overflow_forces_of_nature, zin_purify, lemuel_round_altar

Skill      XL: |  1  2  3  4  5 |
---------------+----------------+-----
Fire Magic     | 4 5 |  5.0
Conjurations   | 2 3 |  3.6
Dodging        | |  1.7
Stealth        | |  1.7
Spellcasting   | |  2.0

Action                   |  1- 3 |  4- 6 || total
-------------------------+-------+-------++-------
Melee: Staff             |    31 |    29 ||    60
       Tailslap          |     2 |     3 ||     5
 Cast: Foxfire           |    45 |    57 ||   102
 Stab: Sleeping          |     1 |       ||     1
Armor: Skin              |    26 |    15 ||    41
Dodge: Dodged            |    48 |    33 ||    81

Table legend: (Time is in decaauts)
 A = Elapsed time spent in this place.
 B = Non-inter-level travel time spent in this place.
 C = Inter-level travel time spent in this place.
 D = Time resting spent in this place.
 E = Time spent auto-exploring this place.
 F = Levels seen in this place.
 G = Mean time per level.
                   A        B        C        D        E       F      G
               +--------+--------+--------+--------+--------+-----+--------+
         Total |   3924 |   3124 |    800 |    492 |   2027 |   4 |  981.0 |
       Dungeon |   3924 |   3124 |    800 |    492 |   2027 |   4 |  981.0 |
               +--------+--------+--------+--------+--------+-----+--------+

Top non-repeatable levels by time:
     D:3: 1473 daAuts
     D:1: 1346 daAuts
     D:2: 1053 daAuts
     D:4: 50 daAuts
